 Dungeon Crawl Stone Soup version 0.25.0-1-g7eea58d2a3 (webtiles) character file.

Game seed: 15141300030867849936

37 Delamore the Chopper (level 3, 0/31 HPs)
             Began as a Hill Orc Fighter on June 14, 2020.
             Slain by an adder (2 damage)
             ... on level 1 of the Dungeon.
             The game lasted 00:00:51 (913 turns).

Delamore the Chopper (Hill Orc Fighter)              Turns: 913, Time: 00:00:52

Health: 0/31       AC:  6    Str: 19    XL:     3   Next: 41%
Magic:  3/3        EV:  7    Int:  8    God:
Gold:   78         SH:  9    Dex: 10    Spells: 2/2 levels left

rFire    . . .     SeeInvis .   a - +0 war axe
rCold    . . .     Gourm    .   c - +0 kite shield
rNeg     . . .     Faith    .   b - +0 scale mail
rPois    .         Spirit   .   (no helmet)
rElec    .         Reflect  .   (no cloak)
rCorr    .         Harm     .   (no gloves)
MR       .....                  (no boots)
Stlth    ..........             (no amulet)
HPRegen  0.10/turn              m - ring of flight
MPRegen  0.08/turn              (no ring)

@: lethally poisoned (0 -> -5)
A: no striking features
a: Evoke Flight


You were on level 1 of the Dungeon.
You were not hungry.

You visited 1 branch of the dungeon, and saw 2 of its levels.

You collected 78 gold pieces.

Inventory:

Hand Weapons
 a - a +0 war axe (weapon)
Armour
 b - a +0 scale mail (worn)
 c - a +0 kite shield (worn)
Jewellery
 m - a ring of flight (left hand)
Scrolls
 g - a scroll of teleportation {unknown}
 h - a scroll of remove curse {unknown}
 j - a scroll of fog {unknown}
 k - 2 scrolls of identify {unknown}
Potions
 d - a potion of might
 e - a potion of flight {unknown}
 i - a potion of haste {unknown}
Comestibles
 f - 2 rations
 l - 2 chunks of flesh


   Skills:
 - Level 3.6 Fighting
 + Level 5.0 Axes
 - Level 3.2 Armour
 - Level 3.2 Shields


You had 2 spell levels left.
You didn't know any spells.
Your spell library was empty.

Dungeon Overview and Level Annotations

Branches:
Dungeon (2/15)

Altars:


Message History

The adder is lightly wounded.
You slash the adder! You block the adder's attack. The adder bites you.
* * * LOW HITPOINT WARNING * * *
You block the adder's attack. The adder barely misses you.
You hit the adder but do no damage.
The adder is lightly wounded.
You hit the adder.
You feel sick. The adder bites you but does no damage.
The adder barely misses you. You block the adder's attack.
You hit the adder.
The adder is moderately wounded.
You closely miss the adder.
* * * LOW HITPOINT WARNING * * *
You feel sick. You block the adder's attack. x2
The adder bites you but does no damage. x2
You miss the adder.
The adder is moderately wounded.
You barely miss the adder. The adder bites you.
* * * LOW HITPOINT WARNING * * *
The adder bites you.
You die...

.##.......######(.............###
###.##.#### #............>.###
#...##.### #..............##.
#.####...### #..............##.
(.# ###...# #..............##.
.## ###.# ##............##.. ##
#.## ###.>........###.# #
#..####SS)#####..####..# #
##.....@### ##.## #.## # ##..####
#..# ###.#
############..#########.####...#
.............................###
#########..##....####..##########
#.######..##..### #......
#...............###......
##########.........รท.....
####.....########......


You could see 2 adders.

Vanquished Creatures
  A worm (D:1)
  3 dart slugs (D:1)
  A leopard gecko (D:1)
  A giant cockroach (D:1)
  3 goblins (D:1)
  2 hobgoblins (D:1)
  3 jackals (D:1)
  4 bats (D:1)
  2 frilled lizards (D:1)
  6 kobolds (D:1)
  2 rats (D:1)
28 creatures vanquished.

Notes
Turn   | Place    | Note
-------+----------+-------------------------------------------
     0 | D:1      | Delamore the Hill Orc Fighter began the quest for the Orb.
     0 | D:1      | Reached XP level 1. HP: 19/19 MP: 1/1
    43 | D:1      | Reached skill level 3 in Axes
    84 | D:1      | Reached XP level 2. HP: 22/26 MP: 2/2
   190 | D:1      | Reached skill level 4 in Axes
   538 | D:1      | Reached XP level 3. HP: 31/31 MP: 3/3
   892 | D:2      | Noticed a phantom
   903 | D:1      | Reached skill level 5 in Axes
   913 | D:1      | Slain by an adder

Illustrated notes

Levels and vault maps discovered:
D:1:      mainiacjoe_arrival_reflecting_pool, layout_rooms
D:2:      layout_rooms, minmay_circle_x

Skill      XL: |  1  2  3 |
---------------+----------+-----
Axes           | 3 4 5 |  5.0
Fighting       | |  3.6
Armour         | |  3.2
Shields        | |  3.2

Action                   || total
-------------------------++-------
Melee: War axe           ||    82
Armor: Scale mail        ||    48
Dodge: Dodged            ||    36
Block: Kite shield       ||    56
